 Dungeon Crawl Stone Soup version 0.30-a0-959-g3818848631 (webtiles) character file.

Game seed: 17074208310441555450

39 Jane2 the Cutter (level 3, -1/30 HPs)
             Began as a Ghoul Gladiator on Mar 30, 2023.
             Slain by a gnoll
             ... wielding a +0 club
              (2 damage)
             ... on level 1 of the Dungeon.
             The game lasted 00:03:36 (1167 turns).

Jane2 the Cutter (Ghoul Gladiator)                  Turns: 1167, Time: 00:03:37

Health: -1/30      AC:  6    Str: 17    XL:     3   Next: 45%
Magic:  2/2        EV: 11    Int:  3    God:
Gold:   9          SH:  0    Dex: 12    Spells: 2/2 levels left

rFire   . . .      SeeInvis .    a - +0 rapier
rCold   + . .      Faith    .    (no shield)
rNeg    + + +      Spirit   .    j - +0 ring mail
rPois   ∞          Reflect  .    c - +0 helmet
rElec   .          Rampage  .    (no cloak)
rCorr   .                        (no gloves)
Will    .....                    (no boots)
Stlth   +                        (no amulet)
HPRegen 0.00/turn                (no ring)
MPRegen 0.08/turn                (no ring)

@: inhibited regen
A: claws 1, cold resistance 1, negative energy resistance 3, inhibited
regeneration, torment resistance 2, devour on kill
a: no special abilities


You were on level 1 of the Dungeon.
You visited 1 branch of the dungeon, and saw 2 of its levels.

You collected 9 gold pieces.

Inventory:

Hand Weapons
 a - a +0 rapier (weapon)
Missiles
 d - 3 throwing nets (quivered)
 e - a javelin
Armour
 b - a +0 leather armour
 c - a +0 helmet (worn)
 j - a +0 ring mail (worn)
Jewellery
 g - a +6 ring of intelligence
Scrolls
 f - 3 scrolls of immolation {unknown}
 h - a scroll of torment {unknown}
 k - a scroll of summoning {unknown}
 l - a scroll of enchant weapon {unknown}
 n - a scroll of fear {unknown}


   Skills:
 + Level 2.4 Fighting
 + Level 3.4 Short Blades
 - Level 1.7 Throwing
 + Level 0.6 Armour
 + Level 3.0 Dodging
 + Level 0.2 Stealth


You had 2 spell levels left.
You didn't know any spells.
Your spell library contained the following spells:

 Spells                   Type           Power      Damage    Failure   Level
 Freeze                   Ice            0%         1d3       75%         1
 Frozen Ramparts          Ice            0%         1d1       98%         3
 Hailstorm                Conj/Ice       0%         3d3       98%         3


Dungeon Overview and Level Annotations

Branches:
Dungeon (2/15)

Altars:


Innate Abilities, Weirdness & Mutations

You are immune to poison.
You have sharp fingernails.
Your flesh is cold resistant. (rC+)
You are immune to negative energy. (rN+++)
You do not regenerate when monsters are visible.
You are immune to unholy pain and torment.
You thrive by killing the living.


Message History

There is a stone staircase leading down here.
You hit the gnoll.
The gnoll is severely wounded.
The gnoll hits you with a +0 club.
You puncture the gnoll!
You kill the gnoll!
You see here a +0 club.
You start resting.
HP restored.
You see here a +0 club.
There is a stone staircase leading down here.
You climb downwards.
The gnoll barely misses you.
There is a stone staircase leading up here.
You hit the gnoll.
The gnoll is lightly wounded.
The gnoll barely misses you.
You closely miss the gnoll.
The gnoll is lightly wounded.
The gnoll hits you with a +0 club. The gnoll barely misses you.
You hit the gnoll.
The gnoll is moderately wounded.
The gnoll hits you with a +0 club.
The gnoll hits you from afar with a +0 spear.
You hit the gnoll.
The gnoll is moderately wounded.
The gnoll barely misses you. The gnoll hits you with a +0 club.
You closely miss the gnoll.
The gnoll is moderately wounded.
The gnoll hits you with a +0 club.
* * * LOW HITPOINT WARNING * * *
The gnoll hits you from afar with a +0 spear.
* * * LOW HITPOINT WARNING * * *
The gnoll hits you but does no damage. The gnoll hits you with a +0 club.
* * * LOW HITPOINT WARNING * * *
You climb upwards.
There is a stone staircase leading down here.
You hit the gnoll.
The gnoll is severely wounded.
The gnoll hits you with a +0 club.
You die...

####..(.......# #.#
##### ########.##...#
#)# #...#
####....#######
#####.###.#.##
####....#♣♣.♣#
#...(...).#...
........#♣...#
#.###.#####.##
#######.'..♣♣#
#.###.# #...#
###♣.(.#
########..###.###
♣..♣###g>...........#
#####..@#.#####†.####
#####)#.....#..#
#.....#...#....#
#.#####.#.###.##
#.##....#..†#.#
#....######†#.#
###### ####.#.#
#......# #.###..#


You could see a gnoll.

Vanquished Creatures
  A gnoll (D:1)
  2 dart slugs (D:1)
  A bat (D:1)
  A giant cockroach (D:1)
  3 hobgoblins (D:1)
  7 jackals (D:1)
  A quokka (D:1)
  A ball python (D:1)
  2 frilled lizards (D:1)
  3 goblins (D:1)
  A kobold (D:1)
  A rat (D:1)
24 creatures vanquished.

Vanquished Creatures (others)
  7 toadstools (D:1)
7 creatures vanquished.

Grand Total: 31 creatures vanquished

Notes
Turn   | Place    | Note
-------+----------+-------------------------------------------
     0 | D:1      | Jane2 the Ghoul Gladiator began the quest for the Orb.
     0 | D:1      | Reached XP level 1. HP: 17/17 MP: 0/0
   247 | D:1      | Reached XP level 2. HP: 24/24 MP: 1/1
   733 | D:1      | Reached XP level 3. HP: 26/29 MP: 2/2
  1165 | D:2      | HP: 1/30 [gnoll/+0 club (4)]
  1167 | D:1      | Slain by a gnoll

Illustrated notes

Levels and vault maps discovered:
D:1:      nagdon_arrival_zigzag_paths, layout_basic, reono_crystal_passage,
          chequers_arboretum, minmay_misc_feat_rugged
D:2:      layout_basic

Skill      XL: |  1  2 |
---------------+-------+-----
Dodging        | 3 |  3.0
Short Blades   | 3 |  3.4
Fighting       | |  2.4
Throwing       | |  1.7
Armour         | |  0.6
Stealth        | |  0.2

Action                     || total
---------------------------++-------
  Melee: Rapier            ||   105
    Use: Potion            ||     2
 Armour: Leather armour    ||     2
         Ring mail         ||    50
  Dodge: Dodged            ||    85

Table legend: (Time is in decaauts)
 A = Elapsed time spent in this place.
 B = Non-inter-level travel time spent in this place.
 C = Inter-level travel time spent in this place.
 D = Time resting spent in this place.
 E = Time spent auto-exploring this place.
 F = Levels seen in this place.
 G = Mean time per level.
                   A        B        C        D        E       F      G
               +--------+--------+--------+--------+--------+-----+--------+
         Total |   1175 |   1063 |    112 |    286 |    525 |   2 |  587.5 |
       Dungeon |   1175 |   1063 |    112 |    286 |    525 |   2 |  587.5 |
               +--------+--------+--------+--------+--------+-----+--------+

Top non-repeatable levels by time:
     D:1: 1117 daAuts
     D:2: 57 daAuts
